AoeStats
← Santi Povs

Hill Fort

505039524Analyzed
2v2 RM · 24d ago on Sep 7, 2026· 50m 33s· 4 players
Game mode
Random Map
Map size
Medium (4 player)
Population
200
Speed
Normal
Resources
Standard
Victory
Conquest
Starting age
Dark Age
Ending age
Imperial Age
RankedLock teamsTeams togetherTeam positionsShared explorationLock speedFull tech treeHidden civsTurbo modeCheats
Victory
Defeat
🇨🇴 Celts · Colombia
1000
+16
🇨🇴 Romans · Colombia
938
+19
🇷🇺 Slavs · Russia
1010
-18
🇹🇼 Persians · Taiwan
1000
-17
NickyCash
11:10 Feudal Age
9:25 Loom
17:22 Castle Age
16:19 Double-Bit Axe
16:18 Horse Collar
17:16 Gold Mining
17:41 Stone Mining
31:14 Scale Barding Armor
31:20 Forging
32:37 Husbandry
32:52 Bloodlines
35:08 Bow Saw
35:37 Iron Casting
35:06 Heavy Plow
35:23 Murder Holes
41:10 Imperial Age
39:23 Wheelbarrow
38:34 Town Watch
40:18 Ballistas
41:17 Gold Shaft Mining
42:43 Conscription
43:09 Crop Rotation
43:11 Hand Cart
43:05 Town Patrol
42:34 Pikeman
43:15 Squires
43:51 Heavy Scorpion
49:51 Chemistry
48:56 Siege Engineers
49:14 Ballistics
Santi Povs
10:20 Feudal Age
15:11 Castle Age
14:31 Double-Bit Axe
14:32 Horse Collar
16:23 Loom
17:47 Bow Saw
27:52 Imperial Age
25:58 Wheelbarrow
25:09 Town Watch
26:49 Pikeman
29:29 Halberdier
30:35 Forging
30:26 Scale Mail Armor
31:41 Hand Cart
32:08 Iron Casting
31:26 Capped Ram
35:02 Blast Furnace
34:17 Chain Mail Armor
35:57 Heavy Scorpion
40:38 Chemistry
39:43 Siege Engineers
41:10 Plate Mail Armor
40:47 Scale Barding Armor
41:02 Siege Ram
43:21 Masonry
43:22 Fortified Wall
44:03 Murder Holes
imissyouyuki
10:38 Feudal Age
16:04 Castle Age
14:41 Double-Bit Axe
14:55 Horse Collar
15:57 Stone Mining
18:25 Bow Saw
21:01 Fervor
23:59 Gold Mining
24:15 Heavy Plow
25:40 Bloodlines
26:39 Wheelbarrow
27:31 Forging
29:36 Hand Cart
30:22 Scale Barding Armor
31:04 Iron Casting
32:09 Stone Shaft Mining
32:10 Gold Shaft Mining
36:02 Imperial Age
34:35 Chain Barding Armor
36:18 Heavy Camel Rider
38:52 Blast Furnace
38:27 Plate Barding Armor
39:33 Two-Man Saw
39:05 Crop Rotation
38:38 Heavy Camel Rider
39:20 Husbandry
ZHENYABRUSS
2:19 Loom
13:28 Feudal Age
14:25 Double-Bit Axe
14:21 Horse Collar
16:31 Wheelbarrow
21:51 Castle Age
20:47 Forging
20:39 Scale Mail Armor
20:57 Gold Mining
23:12 Bow Saw
23:05 Heavy Plow
26:31 Town Watch
27:02 Hand Cart
26:51 Caravan
27:36 Gold Shaft Mining
28:23 Scale Barding Armor
28:54 Iron Casting
32:32 Husbandry
32:43 Bloodlines
32:59 Chain Barding Armor
35:51 Imperial Age
37:13 Elite Boyar
39:00 Plate Barding Armor
39:41 Blast Furnace
39:04 Conscription
39:27 Town Patrol
39:54 Murder Holes
40:11 Masonry
39:56 Fletching
40:55 Hoardings
43:14 Bodkin Arrow
44:44 Pikeman
46:23 Fortified Wall
47:18 Detinets
47:40 Chain Mail Armor
49:54 Plate Mail Armor
Connection lost

Rejoining the realm…

Still unreachable

The connection could not be restored.

Session expired

The server has moved on; the page needs a fresh start.